 Dungeon Crawl Stone Soup version 0.31-a0-236-g9a0961fb85 (webtiles) character file.

Game seed: 14565834145551788697

55 qw the Shooter (level 3, 0/29 HPs)
             Began as a Minotaur Hexslinger on July 10, 2023.
             Frozen to death by an endoplasm (4 damage)
             ... on level 2 of the Dungeon.
             The game lasted 00:00:28 (990 turns).

qw the Shooter (Minotaur Hexslinger)                 Turns: 990, Time: 00:00:29

Health: 0/29       AC:  5    Str: 12    XL:     3   Next: 67%
Magic:  3/3        EV: 11    Int: 10    God:
Gold:   50         SH:  0    Dex: 14    Spells: 3/4 levels left

rFire   . . .        Y - +2 sling
rCold   . . .        (no shield)
rNeg    . . .        g - +0 ring mail
rPois   .            (helmet restricted)
rElec   .            (no cloak)
rCorr   .            (no gloves)
SInv    .            (no boots)
Will    .....        (no amulet)
Stlth   +            (no ring)
HPRegen 0.24/turn    (no ring)
MPRegen 0.08/turn

%: no passive effects
@: no status effects
A: horns 2, retaliatory headbutt
a: no special abilities


You were on level 2 of the Dungeon.
You visited 1 branch of the dungeon, and saw 2 of its levels.

You collected 50 gold pieces.


Innate Abilities, Weirdness & Mutations

You have a pair of horns on your head.
You reflexively headbutt those who attack you in melee.


   Skills:
 - Level 2.0 Fighting
 - Level 4.2 Ranged Weapons
 + Level 0.2 Armour
 - Level 2.1 Dodging
 - Level 1.0 Spellcasting
 - Level 2.0 Hexes


You had 3 spell levels left.
You knew the following spells:

 Your Spells              Type           Power      Damage    Failure   Level
a - Slow                  Hex            16%        N/A       34%         1

Your spell library contained the following spells:

 Spells                   Type           Power      Damage    Failure   Level
 Inner Flame              Hex/Fire       2%         N/A       83%         3
 Portal Projectile        Hex/Tloc       4%         N/A       83%         3
 Cause Fear               Hex            2%         N/A       98%         4

Inventory:

Hand Weapons
 Y - a +2 sling (weapon)
Armour
 g - a +0 ring mail (worn)
Scrolls
 a - 3 scrolls of identify
 b - a scroll of enchant armour {unknown}
 c - a scroll of fear {unknown}

Dungeon Overview and Level Annotations

Branches:
Dungeon (2/15)

Altars:
Fedhas


Message History

You kill the bat!
You shoot a sling bullet. The sling bullet hits the rat.
You kill the rat!
An orc comes into view. It is wielding a +0 flail.
Enter note:
Enter note:
Enter note:
Enter note: You shoot a sling bullet.
The sling bullet completely misses the orc.
The orc shouts!
You hear a shout!
You shoot a sling bullet. The sling bullet hits the orc.
The orc is heavily wounded.
You shoot a sling bullet. The sling bullet barely misses the orc.
An orc comes into view. It is wielding a +0 trident.
An endoplasm comes into view.
You shoot a sling bullet.
The sling bullet closely misses the orc.
The orc shouts!
The orc hits you with a +0 flail.
You shoot a sling bullet.
The sling bullet closely misses the orc.
A rat comes into view.
The orc closely misses you.
You shoot a sling bullet.
The sling bullet closely misses the orc.
You hear a shout!
An orc comes into view. It is wielding a +0 flail.
The orc hits you with a +0 flail! The orc hits you with a +0 flail.
You shoot a sling bullet.
The sling bullet hits the orc but does no damage.
The orc is heavily wounded.
The orc misses you. The orc hits you with a +0 flail!
You shoot a sling bullet. The sling bullet hits the orc.
You kill the orc!
The orc hits you from afar with a +0 trident.
The endoplasm freezes you.
You are frozen.
You die...

.#.#.....#
.#.#.#....####
.#.#[#.#......#
#.#.#.#.#...#.#
#.#.#.#.#..#.#
#.#.#.#...#.#
#.#.#....#.#
#.#J%..##.#
#o@..###.# #.....#
#.# #.o....# #.#
#.r....## #.#
#..%.#.## ##.##
.....##.# ##...##
....# #.###.....##
# ...#
#.##.......#######
#.#..........?..##


You could see 2 orcs, an endoplasm and a rat.

Vanquished Creatures
  An adder (D:2)
  A dart slug (D:1)
  An orc (D:2)
  2 ball pythons
  2 endoplasms (D:1)
  4 giant cockroaches
  4 goblins (D:1)
  7 hobgoblins (D:1)
  3 jackals (D:1)
  4 kobolds (D:1)
  A quokka (D:2)
  3 bats
  A frilled lizard (D:1)
  5 rats
39 creatures vanquished.

Notes
Turn   | Place    | Note
-------+----------+-------------------------------------------
     0 | D:1      | qw the Minotaur Hexslinger began the quest for the Orb.
     0 | D:1      | Reached XP level 1. HP: 16/16 MP: 1/1
     0 | D:1      | 0 ||| qw: Version: 0.3-a-52-g30416fa
     0 | D:1      | 0 ||| qw: Game counter: 4913
     0 | D:1      | 0 ||| qw: Melee chars always use a shield: true
     0 | D:1      | 0 ||| qw: God list: Okawaru
     0 | D:1      | 0 ||| qw: Allow faded altars: false
     0 | D:1      | 0 ||| qw: Do Orc after clearing Dungeon:15 true
     0 | D:1      | 0 ||| qw: Do second Lair branch before Depths: true
     0 | D:1      | 0 ||| qw: Lair rune preference: random
     0 | D:1      | 0 ||| qw: Goals: Normal
     0 | D:1      | 0 ||| PLANNING D:1-11
   156 | D:1      | 156 ||| FLEEEEING.
   157 | D:1      | 157 ||| FLEEEEING.
   158 | D:1      | 158 ||| FLEEEEING.
   164 | D:1      | Reached skill level 3 in Ranged Weapons
   256 | D:1      | Reached XP level 2. HP: 23/23 MP: 2/2
   260 | D:1      | 260 ||| FLEEEEING.
   261 | D:1      | 261 ||| FLEEEEING.
   262 | D:1      | 262 ||| FLEEEEING.
   263 | D:1      | 263 ||| FLEEEEING.
   264 | D:1      | 264 ||| FLEEEEING.
   265 | D:1      | 265 ||| FLEEEEING.
   393 | D:1      | HP: 6/24 [hobgoblin (3)]
   549 | D:1      | Reached XP level 3. HP: 29/29 MP: 3/3
   651 | D:1      | 651 ||| UPGRADING to +0 ring mail.
   661 | D:1      | 661 ||| DROPPING +0 robe.
   662 | D:1      | 662 ||| READING 2 scrolls labelled VYPETOFRO.
   663 | D:1      | 663 ||| READING scroll labelled VAWKOE KONGOME.
   664 | D:1      | 664 ||| READING scroll labelled TOPNAT SOFAIT.
   665 | D:1      | 665 ||| READING 2 scrolls labelled QUSIMU MELOO.
   666 | D:1      | 666 ||| DROPPING scroll of poison.
   667 | D:1      | 667 ||| DROPPING scroll of vulnerability.
   914 | D:2      | Found a blossoming altar of Fedhas.
   974 | D:2      | Reached skill level 4 in Ranged Weapons
   989 | D:2      | HP: 6/29 [orc/+0 flail (7)]
   990 | D:2      | Frozen to death by an endoplasm

Levels and vault maps discovered:
D:1:      dpeg_arrival_concentric_ovals, layout_rooms
D:2:      layout_loops_ring, basic_altar, nicolae_the_louvre

Skill      XL: |  1  2  3 |
---------------+----------+-----
Ranged Weapons | 3 4 |  4.2
Fighting       | 2 |  2.0
Armour         | |  0.2
Dodging        | |  2.1
Spellcasting   | |  1.0
Hexes          | |  2.0

Action                     || total
---------------------------++-------
   Fire: Sling             ||   113
    Use: Scroll            ||     4
 Armour: Robe              ||    11
         Ring mail         ||     1
  Dodge: Dodged            ||    31

Table legend:
 A = Non-vault XP
 B = Vault XP
 C = Vault XP percentage of total XP
 D = Non-vault monster count
 E = Vault monster count
 F = Vault count percentage of total count
                 A         B        C        D         E       F
            +---------+---------+-------+---------+---------+-------
      Total |      82 |       0 |   0.0 |      39 |       0 |   0.0
            +---------+---------+-------+---------+---------+-------
        D:1 |      57 |       0 |   0.0 |      30 |       0 |   0.0
        D:2 |      25 |       0 |   0.0 |       9 |       0 |   0.0
            +---------+---------+-------+---------+---------+-------
